TOP OF THE 1ST |
Atlanta Braves batting - Pitching for Philadelphia Phillies : RHP Scott Bernstein
|
Pitching: RHP Scott Bernstein
|
|
Batting: RHB Jeckel Hester
|
0-0: Ball 1-0: Swinging Strike 1-1: Ball 2-1: Ball 3-1: SINGLE (Flyball, 34D, EV 86.9 MPH)
|
Batting: RHB Butch Kaiser
|
0-0: Called Strike 0-1: Ball 1-1: Ball 2-1: Ball Jeckel Hester steals 2nd base 3-1: Ground out 1-3 (Groundball, P, EV 63.1 MPH) Jeckel Hester to third
|
Batting: LHB Chad Persaud
|
0-0: Fly out, F9 (Flyball, 89M, EV 83.8 MPH) Runner from 3rd tags up, SCORES, throw by RF
|
Batting: RHB Jordan Martin
|
0-0: Ball 1-0: Fly out, F6 (Popup, 6S, EV 69.4 MPH)
|
Top of the 1st over - 1 run, 1 hit, 0 errors, 0 left on base; Atlanta 1 - Philadelphia 0 |
BOTTOM OF THE 1ST |
Philadelphia Phillies batting - Pitching for Atlanta Braves : RHP Justin Judson
|
Pitching: RHP Justin Judson
|
|
Batting: LHB Jeff Luvisi
|
0-0: Ball 1-0: Fly out, F7 (Flyball, 7LM, EV 98.1 MPH)
|
Batting: LHB Nick Canizales
|
0-0: Called Strike 0-1: Called Strike 0-2: Ball 1-2: Ground out U3 (Groundball, 34, EV 106.9 MPH)
|
Batting: RHB Josh Froyd
|
0-0: Foul Ball, location: 2F 0-1: Foul Ball, location: 2F 0-2: Foul Ball, location: 2F 0-2: Ball 1-2: SINGLE (Flyball, 7LS, EV 88.8 MPH)
|
Batting: LHB Eric Katz
|
0-0: Called Strike 0-1: SINGLE (Groundball, 56D, EV 96.9 MPH) Josh Froyd to second
|
Batting: RHB Quintin Parker
|
0-0: Ball 1-0: Called Strike 1-1: SINGLE (Line Drive, 7S, EV 91.2 MPH) Josh Froyd to third Eric Katz to second Runner from 3rd tries for Home, SAFE, throw by LF to home
|
Batting: LHB Alberto Figueroa
|
0-0: Foul Ball, location: 2F 0-1: Ground out U3 (Groundball, 3, EV 79.4 MPH)
|
Bottom of the 1st over - 1 run, 3 hits, 0 errors, 2 left on base; Atlanta 1 - Philadelphia 1 |
TOP OF THE 2ND |
Atlanta Braves batting - Pitching for Philadelphia Phillies : RHP Scott Bernstein
|
Batting: RHB Adriaan Pieters
|
0-0: Ball 1-0: SINGLE (Groundball, 6MD, EV 104.4 MPH)
|
Batting: RHB Tade Post
|
0-0: Ball 1-0: Ball 2-0: DOUBLE (Line Drive, 7LM, EV 91.9 MPH) Adriaan Pieters to third
|
Batting: RHB Liangde Li
|
0-0: Ball 1-0: Called Strike 1-1: Ball 2-1: Foul Ball, location: 2F 2-2: Strikes out swinging
|
Batting: RHB Oscar Fausto
|
0-0: Ball 1-0: Called Strike 1-1: Ball 2-1: Called Strike 2-2: Strikes out looking
|
Batting: RHB Garrison Feltham
|
0-0: Called Strike 0-1: Ball 1-1: Swinging Strike 1-2: Strikes out swinging
|
Top of the 2nd over - 0 runs, 2 hits, 0 errors, 2 left on base; Atlanta 1 - Philadelphia 1 |
BOTTOM OF THE 2ND |
Philadelphia Phillies batting - Pitching for Atlanta Braves : RHP Justin Judson
|
Batting: RHB Melchor Sovrivilla
|
0-0: Ball 1-0: Swinging Strike 1-1: Ball 2-1: Ball 3-1: Base on Balls
|
Batting: RHB Chef Belew
|
0-0: Called Strike 0-1: Fielders Choice at 2nd, 1-6 (Groundball, 23, EV 68.1 MPH)
|
Batting: RHB Matt Sanders
|
0-0: Called Strike 0-1: Ball 1-1: 2-RUN HOME RUN (Flyball, 7LD, EV 96.9 MPH), Distance : 360 ft
|
Batting: LHB Jeff Luvisi
|
0-0: Reached on error, E3 (Groundball, 3, EV 80.6 MPH)
|
Batting: LHB Nick Canizales
|
0-0: Fielders Choice at 2nd, 1-6 (Groundball, 13S, EV 70.6 MPH)
|
Batting: RHB Josh Froyd
|
0-0: Ball 1-0: Foul Ball, location: 2F 1-1: Swinging Strike 1-2: Foul Ball, location: 2F 1-2: Ball 2-2: Ball 3-2: Base on Balls Nick Canizales to second
|
Batting: LHB Eric Katz
|
0-0: Ball 1-0: Ball 2-0: Called Strike 2-1: Ball 3-1: Called Strike 3-2: Fly out, F3 (Popup, 23F, EV 86.9 MPH)
|
Bottom of the 2nd over - 2 runs, 1 hit, 1 error, 2 left on base; Atlanta 1 - Philadelphia 3 |
TOP OF THE 3RD |
Atlanta Braves batting - Pitching for Philadelphia Phillies : RHP Scott Bernstein
|
Batting: RHB Jeckel Hester
|
0-0: Called Strike 0-1: Ball 1-1: Ball 2-1: Ball 3-1: SINGLE (Groundball, 56D, EV 97.5 MPH)
|
Batting: RHB Butch Kaiser
|
0-0: Ball 1-0: Called Strike 1-1: Ball 2-1: Grounds into double play, 5-4-3 (Groundball, 56, EV 82.5 MPH)
|
Batting: LHB Chad Persaud
|
0-0: Ground out 6-3 (Groundball, 4M, EV 86.9 MPH)
|
Top of the 3rd over - 0 runs, 1 hit, 0 errors, 0 left on base; Atlanta 1 - Philadelphia 3 |
BOTTOM OF THE 3RD |
Philadelphia Phillies batting - Pitching for Atlanta Braves : RHP Justin Judson
|
Batting: RHB Quintin Parker
|
0-0: Ball 1-0: Ball 2-0: Foul Ball, location: 2F 2-1: Ball 3-1: Swinging Strike 3-2: Strikes out swinging
|
Batting: LHB Alberto Figueroa
|
0-0: Ball 1-0: Ball 2-0: Called Strike 2-1: Foul Ball, location: 2F 2-2: SINGLE (Groundball, 34S, EV 74.4 MPH) (infield hit)
|
Batting: RHB Melchor Sovrivilla
|
0-0: Fly out, F4 (Flyball, 3D, EV 92.5 MPH)
|
Batting: RHB Chef Belew
|
0-0: Ball 1-0: Called Strike 1-1: Called Strike Pickoff Throw to First - Error! E1 Alberto Figueroa to second 1-2: Foul Ball, location: 2F 1-2: Ball 2-2: Ground out 2-3 (Groundball, 13S, EV 68.1 MPH)
|
Bottom of the 3rd over - 0 runs, 1 hit, 1 error, 1 left on base; Atlanta 1 - Philadelphia 3 |
TOP OF THE 4TH |
Atlanta Braves batting - Pitching for Philadelphia Phillies : RHP Scott Bernstein
|
Batting: RHB Jordan Martin
|
0-0: Called Strike 0-1: Foul Ball, location: 2F 0-2: Ball 1-2: Fly out, F8 (Flyball, 78D, EV 101.9 MPH)
|
Batting: RHB Adriaan Pieters
|
0-0: Foul Ball, location: 2F 0-1: Called Strike 0-2: Strikes out swinging
|
Batting: RHB Tade Post
|
0-0: Foul Ball, location: 2F 0-1: Ball 1-1: Called Strike 1-2: Strikes out looking
|
Top of the 4th over - 0 runs, 0 hits, 0 errors, 0 left on base; Atlanta 1 - Philadelphia 3 |
BOTTOM OF THE 4TH |
Philadelphia Phillies batting - Pitching for Atlanta Braves : RHP Justin Judson
|
Batting: RHB Matt Sanders
|
0-0: Ball 1-0: Ball 2-0: SINGLE (Line Drive, 7S, EV 90.6 MPH)
|
Batting: LHB Jeff Luvisi
|
0-0: Ball 1-0: Foul Ball, location: 2F 1-1: DOUBLE (Line Drive, 9LS, EV 110.0 MPH) Matt Sanders to third
|
Batting: LHB Nick Canizales
|
0-0: Ball 1-0: Called Strike 1-1: Fly out, F7 (Line Drive, 7D, EV 91.2 MPH) Runner from 3rd tags up, SCORES, no throw by LF Jeff Luvisi to third
|
Batting: RHB Josh Froyd
|
0-0: Ball 1-0: SINGLE (Popup, 13S, EV 86.9 MPH) Jeff Luvisi scores
|
Pitching: RHP John Carbonneau
|
|
Batting: LHB Eric Katz
|
0-0: Called Strike 0-1: Foul Ball, location: 2F 0-2: Grounds into double play, 5-4-3 (Groundball, 5S, EV 80.6 MPH)
|
Bottom of the 4th over - 2 runs, 3 hits, 0 errors, 0 left on base; Atlanta 1 - Philadelphia 5 |
TOP OF THE 5TH |
Atlanta Braves batting - Pitching for Philadelphia Phillies : RHP Scott Bernstein
|
Batting: RHB Liangde Li
|
0-0: Called Strike 0-1: SINGLE (Line Drive, 7S, EV 96.2 MPH)
|
Batting: RHB Oscar Fausto
|
0-0: Ball Liangde Li steals 2nd base (no throw) 1-0: Foul Ball, location: 2F 1-1: Foul Ball, location: 2F 1-2: Foul Ball, location: 2F 1-2: Foul Ball, location: 2F 1-2: Foul Ball, location: 2F 1-2: Strikes out swinging
|
Batting: RHB Garrison Feltham
|
0-0: Called Strike Liangde Li steals 3rd base 0-1: Ball 1-1: Ball 2-1: Swinging Strike 2-2: Ball 3-2: Fly out, F7 (Line Drive, 7, EV 86.2 MPH) Runner from 3rd tags up, SCORES, no throw by LF
|
Batting: RHB Jeckel Hester
|
0-0: Ball 1-0: Ball 2-0: Foul Ball, location: 2F 2-1: Foul Ball, location: 2F 2-2: Ground out 4-3 (Groundball, 34, EV 105.0 MPH)
|
Top of the 5th over - 1 run, 1 hit, 0 errors, 0 left on base; Atlanta 2 - Philadelphia 5 |
BOTTOM OF THE 5TH |
Philadelphia Phillies batting - Pitching for Atlanta Braves : RHP John Carbonneau
|
Batting: RHB Quintin Parker
|
0-0: Swinging Strike 0-1: DOUBLE (Flyball, 8RXD, EV 112.5 MPH) - OUT at third base trying to stretch hit.
|
Batting: LHB Alberto Figueroa
|
0-0: Ground out 2-3 (Groundball, 2R, EV 65.0 MPH)
|
Batting: RHB Melchor Sovrivilla
|
0-0: Called Strike 0-1: Swinging Strike 0-2: Ball 1-2: Ball 2-2: Foul Ball, location: 2F 2-2: Ball 3-2: Fly out, F9 (Flyball, 9, EV 89.4 MPH)
|
Bottom of the 5th over - 0 runs, 1 hit, 0 errors, 0 left on base; Atlanta 2 - Philadelphia 5 |
TOP OF THE 6TH |
Atlanta Braves batting - Pitching for Philadelphia Phillies : RHP Scott Bernstein
|
Batting: RHB Butch Kaiser
|
0-0: Foul Ball, location: 2F 0-1: Called Strike 0-2: Ball 1-2: Strikes out swinging
|
Batting: LHB Chad Persaud
|
0-0: DOUBLE (Flyball, 89XD, EV 111.2 MPH)
|
Batting: RHB Jordan Martin
|
0-0: Called Strike 0-1: Fly out, F7 (Flyball, 7S, EV 94.4 MPH)
|
Batting: RHB Adriaan Pieters
|
0-0: Called Strike 0-1: DOUBLE (Line Drive, 89M, EV 102.5 MPH) Chad Persaud scores
|
Batting: RHB Tade Post
|
0-0: Called Strike 0-1: Swinging Strike 0-2: Ground out 6-3 (Groundball, 6, EV 81.2 MPH)
|
Top of the 6th over - 1 run, 2 hits, 0 errors, 1 left on base; Atlanta 3 - Philadelphia 5 |
BOTTOM OF THE 6TH |
Philadelphia Phillies batting - Pitching for Atlanta Braves : RHP John Carbonneau
|
Batting: RHB Chef Belew
|
0-0: Ball 1-0: Foul Ball, location: 2F 1-1: Swinging Strike 1-2: Ball 2-2: Ball 3-2: SOLO HOME RUN (Flyball, 89XD, EV 111.2 MPH), Distance : 412 ft
|
Batting: RHB Matt Sanders
|
0-0: Called Strike 0-1: Foul Ball, location: 2F 0-2: Ball 1-2: Ball 2-2: Fly out, F8 (Flyball, 89M, EV 81.2 MPH)
|
Batting: LHB Jeff Luvisi
|
0-0: Ball 1-0: Ball 2-0: Ball 3-0: Base on Balls
|
Pitching: RHP Jorge Mora
|
|
Batting: LHB Nick Canizales
|
0-0: Ball 1-0: Foul Ball, location: 2F 1-1: Ball 2-1: Ball 3-1: Base on Balls Jeff Luvisi to second
|
Batting: RHB Josh Froyd
|
0-0: Ball Jeff Luvisi steals 3rd base 1-0: Called Strike 1-1: Ball 2-1: Swinging Strike 2-2: SINGLE (Groundball, 6, EV 99.4 MPH) Jeff Luvisi scores Nick Canizales to second
|
Batting: LHB Eric Katz
|
0-0: Ball 1-0: Foul Ball, location: 2F 1-1: Grounds into double play, 5-4-3 (Groundball, 56, EV 104.4 MPH)
|
Bottom of the 6th over - 2 runs, 2 hits, 0 errors, 1 left on base; Atlanta 3 - Philadelphia 7 |
TOP OF THE 7TH |
Atlanta Braves batting - Pitching for Philadelphia Phillies : RHP Scott Bernstein
|
Batting: RHB Liangde Li
|
0-0: Ball 1-0: Called Strike 1-1: Fly out, F4 (Line Drive, 4, EV 70.6 MPH)
|
Batting: RHB Oscar Fausto
|
0-0: Called Strike 0-1: Foul Ball, location: 2F 0-2: Foul Ball, location: 2F 0-2: Strikes out swinging
|
Batting: RHB Garrison Feltham
|
0-0: Ball 1-0: Called Strike 1-1: Fly out, F8 (Flyball, 8LM, EV 92.5 MPH)
|
Top of the 7th over - 0 runs, 0 hits, 0 errors, 0 left on base; Atlanta 3 - Philadelphia 7 |
BOTTOM OF THE 7TH |
Philadelphia Phillies batting - Pitching for Atlanta Braves : RHP Jorge Mora
|
Pitching: RHP Johnny Munoz
|
|
Batting: RHB Quintin Parker
|
0-0: Ball 1-0: Called Strike 1-1: Ball 2-1: Ball 3-1: Ground out 6-3 (Groundball, 56, EV 94.4 MPH)
|
Batting: LHB Alberto Figueroa
|
0-0: Ball 1-0: Ball 2-0: Ball 3-0: Called Strike 3-1: Base on Balls
|
Batting: RHB Melchor Sovrivilla
|
0-0: Ball Alberto Figueroa steals 2nd base 1-0: Called Strike Alberto Figueroa steals 3rd base 1-1: Fly out, F3 (Popup, 3S, EV 70.0 MPH)
|
Batting: RHB Chef Belew
|
0-0: Called Strike 0-1: Foul Ball, location: 2F 0-2: Foul Ball, location: 2F 0-2: Ball 1-2: Ball 2-2: Foul Ball, location: 2F 2-2: Ball 3-2: Base on Balls
|
Batting: RHB Matt Sanders
|
0-0: Foul Ball, location: 2F 0-1: Fielders Choice at 2nd, 5-4 (Groundball, 56, EV 84.4 MPH)
|
Bottom of the 7th over - 0 runs, 0 hits, 0 errors, 2 left on base; Atlanta 3 - Philadelphia 7 |
TOP OF THE 8TH |
Atlanta Braves batting - Pitching for Philadelphia Phillies : RHP Scott Bernstein
|
Batting: RHB Jeckel Hester
|
0-0: Ground out U3 (Groundball, 3L, EV 96.9 MPH)
|
Batting: RHB Butch Kaiser
|
0-0: Ball 1-0: Ball 2-0: SOLO HOME RUN (Flyball, 78XD, EV 108.8 MPH), Distance : 443 ft
|
Batting: LHB Chad Persaud
|
0-0: Ball 1-0: Foul Ball, location: 2F 1-1: Ball 2-1: SINGLE (Groundball, 6MD, EV 105.0 MPH)
|
Pitching: RHP Rico Romero
|
|
Batting: RHB Jordan Martin
|
0-0: Ball 1-0: Foul Ball, location: 2F 1-1: Ball 2-1: Ball 3-1: Foul Ball, location: 2F 3-2: SINGLE (Flyball, 89M, EV 88.1 MPH) Chad Persaud to second Chad Persaud to third
|
Batting: RHB Adriaan Pieters
|
0-0: Ball 1-0: Ball 2-0: Fly out, F8 (Flyball, 8RM, EV 90.6 MPH) Runner from 3rd tags up, SCORES, throw by CF
|
Pinch Hitting: LHB Davey Schonewille
|
0-0: Ball 1-0: Ball 2-0: Ball 3-0: Called Strike 3-1: Base on Balls Jordan Martin to second
|
Batting: RHB Liangde Li
|
0-0: Fly out, F8 (Flyball, 8RD, EV 93.8 MPH)
|
Top of the 8th over - 2 runs, 3 hits, 0 errors, 2 left on base; Atlanta 5 - Philadelphia 7 |
BOTTOM OF THE 8TH |
Philadelphia Phillies batting - Pitching for Atlanta Braves : RHP Johnny Munoz
|
Pitching: RHP Franz Holzknecht
|
|
Now at 3B: Adriaan Pieters
|
|
Now in RF: Davey Schonewille
|
|
Batting: LHB Jeff Luvisi
|
0-0: Foul Ball, location: 2F 0-1: Ball 1-1: Called Strike 1-2: Foul Ball, location: 2F 1-2: Ball 2-2: Fly out, F8 (Flyball, 8RM, EV 86.9 MPH)
|
Batting: LHB Nick Canizales
|
0-0: Ground out U3 (Groundball, 34, EV 105.0 MPH)
|
Batting: RHB Josh Froyd
|
0-0: Ground out 6-3 (Groundball, 6, EV 80.6 MPH)
|
Bottom of the 8th over - 0 runs, 0 hits, 0 errors, 0 left on base; Atlanta 5 - Philadelphia 7 |
TOP OF THE 9TH |
Atlanta Braves batting - Pitching for Philadelphia Phillies : RHP Rico Romero
|
Pitching: RHP Justin Howard
|
|
Batting: RHB Oscar Fausto
|
0-0: Called Strike 0-1: Ball 1-1: Ball 2-1: Swinging Strike 2-2: Strikes out swinging
|
Pinch Hitting: RHB Jim Zucco
|
0-0: Ball 1-0: Fly out, F3 (Popup, 34S, EV 75.6 MPH)
|
Batting: RHB Jeckel Hester
|
0-0: Ball 1-0: Called Strike 1-1: Foul Ball, location: 2F 1-2: Fly out, F8 (Flyball, 8LXD, EV 105.0 MPH)
|
Top of the 9th over - 0 runs, 0 hits, 0 errors, 0 left on base; Atlanta 5 - Philadelphia 7 |
|